 Dungeon Crawl Stone Soup version 0.28.0-53-g5a82cb258f (webtiles) character file.

Game seed: 2258823323673744173

48 fuccboisucc420 the Skirmisher (level 3, -1/29 HPs)
             Began as a Demonspawn Abyssal Knight on July 21, 2022.
             Was a Follower of Lugonu.
             Killed by divine providence
             ... invoked by an orc priest
              (13 damage)
             ... on level 3 of the Dungeon.
             The game lasted 00:08:06 (2777 turns).

fuccboisucc420 the Skirmisher (DsAK)                Turns: 2777, Time: 00:08:07

Health: -1/29      AC:  5    Str: 15    XL:     3   Next: 50%
Magic:  4/4        EV: 10    Int: 17    God:    Lugonu [*.....]
Gold:   102        SH:  0    Dex: 13    Spells: 2/2 levels left

rFire   . . .      SeeInvis .   a - +1 mace
rCold   . . .      Faith    .   (no shield)
rNeg    + . .      Spirit   .   j - +0 ring mail
rPois   .          Reflect  .   (no helmet)
rElec   .          Harm     .   (no cloak)
rCorr   .          Rampage  .   (no gloves)
Will    .....                   (no boots)
Stlth   +.........              (no amulet)
HPRegen 0.09/turn               e - +6 ring of intelligence
MPRegen 0.18/turn               i - ring of positive energy

@: no status effects
A: claws 1, magic regeneration
a: Renounce Religion, Depart the Abyss


You were on level 3 of the Dungeon.
You worshipped Lugonu.
Lugonu was aware of your devotion.
You visited 1 branch of the dungeon, and saw 3 of its levels.
You visited the Abyss 1 time.

You collected 102 gold pieces.

Inventory:

Hand Weapons
 a - a +1 mace (weapon)
Missiles
 d - 66 stones (quivered)
Armour
 b - a +0 leather armour
 j - a +0 ring mail (worn)
Jewellery
 e - a +6 ring of intelligence (left claw)
 i - a ring of positive energy (right claw)
Wands
 f - a wand of mindburst (15)
Scrolls
 g - a scroll of noise
Potions
 c - a potion of heal wounds


   Skills:
 - Level 3.0 Fighting
 + Level 2.6 Maces & Flails
 + Level 2.3 Armour
 + Level 1.3 Dodging
 * Level 1.1 Stealth
 - Level 2.4 Invocations


You had 2 spell levels left.
You didn't know any spells.
Your spell library was empty.

Dungeon Overview and Level Annotations

Branches:
Dungeon (3/15)

Altars:
Cheibriados


Innate Abilities, Weirdness & Mutations

You have sharp fingernails.
You regenerate magic rapidly.


Message History

Found 13 gold pieces.
You now have 102 gold pieces (gained 13).
You hit the orc.
You kill the orc!
Lugonu accepts your kill.
Things that are here:
a +0 flail; an orc corpse The orc priest shouts!
You hear a shout!
The orc priest closely misses you.
The orc priest hits you but does no damage.
You hit the orc priest.
The orc priest is moderately wounded.
The orc priest hits you with a +0 falchion.
You hit the orc priest.
The orc priest is severely wounded.
The orc priest barely misses you.
You closely miss the orc priest.
The orc priest is severely wounded.
The orc priest hits you but does no damage.
The orc wizard gestures wildly while chanting.
The orc wizard flickers and vanishes!
Deactivating autopickup; reactivate with Ctrl-A.
You hit the orc priest but do no damage.
You claw the orc priest, but do no damage.
The orc priest is severely wounded.
The orc priest hits you with a +0 falchion. x2
You closely miss the orc priest.
The orc priest is severely wounded.
You hear some strange, mumbled words.
Something tries to affect you, but you resist.
The orc priest hits you with a +0 falchion.
You barely miss the orc priest.
The orc priest is severely wounded.
The orc priest hits you with a +0 falchion.
You barely miss the orc priest.
The orc priest is severely wounded.
Something hits you but does no damage.
The orc priest mumbles some strange prayers to Beogh against you.
Beogh smites you!
You die...

#.#.## #.#...##.##
#.### #.#.#......
#.# #...##.###.
#.# ###.. ... #.#
##.###.# #.#
##.#### #.#
##.#... #.#
##....##
#@#########.<...##
#.o.).....##....#.
#########.###.#.#.
#.........
#####.#... #.###.
#.# ## #.# #.#


You could see an orc priest.

Vanquished Creatures
  An adder (D:2)
  A dart slug (D:1)
  2 orcs
  3 endoplasms
  A giant cockroach (D:1)
  2 hobgoblins (D:1)
  2 jackals (D:1)
  4 kobolds (D:1)
  A quokka (D:2)
  2 ball pythons
  2 bats
  4 frilled lizards
  6 goblins
  2 rats
33 creatures vanquished.

Notes
Turn   | Place    | Note
-------+----------+-------------------------------------------
     0 | Abyss:1  | fuccboisucc420 the Demonspawn Abyssal Knight began the
                  | quest for the Orb.
     0 | Abyss:1  | Reached XP level 1. HP: 18/18 MP: 2/2
     0 | D:1      | Escaped the Abyss
   143 | D:1      | Reached skill level 1 in Dodging
   250 | D:1      | Reached * piety under Lugonu
   251 | D:1      | Gained mutation: You have sharp fingernails. [demonic
                  | ancestry]
   251 | D:1      | Reached XP level 2. HP: 8/24 MP: 3/3
  1733 | D:2      | Reached skill level 1 in Stealth
  1733 | D:2      | Gained mutation: You regenerate magic rapidly. [demonic
                  | ancestry]
  1733 | D:2      | Reached XP level 3. HP: 25/29 MP: 4/4
  1752 | D:2      | Found a snail-covered altar of Cheibriados.
  2777 | D:3      | Killed from afar by an orc priest

Illustrated notes

Levels and vault maps discovered:
D:1:      beargit_arrival_diablo_church, layout_basic,
          chequers_serial_rivers_small_b, fountainhead, interstate_on_off
D:2:      layout_rooms, basic_altar
D:3:      layout_loops_corners, nicolae_concentric_dashed_squares_wild

Skill      XL: |  1  2 |
---------------+-------+-----
Dodging        | 1 |  1.3
Maces & Flails | 2 |  2.6
Armour         | 2 |  2.3
Stealth        | 1 |  1.1
Fighting       | |  3.0
Invocations    | |  2.4

Action                   || total
-------------------------++-------
Melee: Mace              ||    99
       Punch             ||     1
Throw: Stone             ||     7
Invok: Depart the Abyss  ||     1
  Use: Potion            ||     3
       Scroll            ||     5
Armor: Leather armour    ||    20
       Ring mail         ||     8
Dodge: Dodged            ||    63
